 Seeded DCSS version 0.28-a0-631-g0446da8ef9 (webtiles) character file.

Game seed: 64532 (custom seed)

39384 a11behringer the Fencer (level 13, -3/119 HPs)
             Began as a Minotaur Fighter on Oct 9, 2021.
             Was an Elder of Makhleb.
             Constricted to death by Jorgrun (10 damage)
             ... on level 15 of the Dungeon on Oct 10, 2021.
             The game lasted 01:10:46 (16856 turns).

a11behringer the Fencer (Minotaur Fighter)         Turns: 16856, Time: 01:10:46

Health: -3/119     AC: 22    Str: 27    XL:     13   Next: 68%
Magic:  18/18      EV: 15    Int: 11    God:    Makhleb [****..]
Gold:   766        SH:  8    Dex: 21    Spells: 12/12 levels left

rFire   . . .      SeeInvis .   g - +10 scimitar of the Postmodern Souls {vorpal, Will++}
rCold   . . .      Faith    .   c - +0 buckler
rNeg    + . .      Spirit   .   K - quicksilver dragon scales
rPois   +          Reflect  .   (helmet restricted)
rElec   +          Harm     .   w - +2 cloak
rCorr   .          Rampage  +   E - +0 pair of gloves
Will    +++..                   Y - +2 pair of boots {rampage}
Stlth   +.........              (no amulet)
HPRegen 0.29/turn               a - ring "Ryhise" {rN+ Int+6 Dex+4}
MPRegen 0.16/turn               x - ring "Bigur" {rElec rPois Str+6 Dex+2}

@: grasped by roots, constricted
A: horns 2, retaliatory headbutt
a: Renounce Religion, Minor Destruction, Lesser Servant of Makhleb, Major
Destruction


You were on level 15 of the Dungeon.
You worshipped Makhleb.
Makhleb was greatly pleased with you.
You visited 2 branches of the dungeon, and saw 16 of its levels.
You also visited: Sewer.

You collected 766 gold pieces.

Inventory:

Hand Weapons
 g - the +10 scimitar of the Postmodern Souls (weapon) {vorpal, Will++}
   (You acquired it on level 3 of the Dungeon)

   It inflicts extra damage upon your enemies.
   Will:      It greatly increases your willpower.
 o - a +1 hunting sling
 H - a +4 scimitar of freezing
 Z - a +4 scimitar of flaming
Missiles
 p - 40 poisoned darts (quivered)
 q - 158 sling bullets
 t - 10 boomerangs
 I - 6 atropa-tipped darts
 N - 6 boomerangs of dispersal
Armour
 c - a +0 buckler (worn)
 w - a +2 cloak (worn)
 A - a +2 plate armour of poison resistance
 E - a +0 pair of gloves (worn)
 K - quicksilver dragon scales (worn)
 U - a +0 kite shield
 X - a +0 troll leather armour
 Y - a +2 pair of boots of rampaging (worn)
Jewellery
 a - the ring "Ryhise" (left hand) {rN+ Int+6 Dex+4}
   (You found it on level 12 of the Dungeon)

   [ring of intelligence]

   Int:       It affects your intelligence (+6).
   Dex:       It affects your dexterity (+4).
   rN:        It protects you from negative energy.
 b - a +6 ring of intelligence
 x - the ring "Bigur" (right hand) {rElec rPois Str+6 Dex+2}
   (You acquired it on level 10 of the Dungeon)

   [ring of strength]

   Str:       It affects your strength (+6).
   Dex:       It affects your dexterity (+2).
   rElec:     It insulates you from electricity.
   rPois:     It protects you from poison.
 D - a ring of resist corrosion
 J - an amulet of magic regeneration
 L - a ring of willpower
 M - a ring of flight
 R - a +4 ring of evasion
 T - an amulet of faith
Wands
 u - a wand of flame (27)
 C - a wand of iceblast (29)
 F - a wand of mindburst (7)
 G - a wand of polymorph (22)
 P - a wand of paralysis (5)
Scrolls
 f - 4 scrolls of enchant weapon
 k - a scroll of brand weapon {unknown}
 m - 2 scrolls of fear
 s - 2 scrolls of identify
 y - 2 scrolls of fog
 z - 4 scrolls of teleportation
 S - a scroll of noise {unknown}
 W - a scroll of magic mapping {unknown}
Potions
 d - a potion of might
 e - 4 potions of curing
 h - 2 potions of attraction
 i - 4 potions of lignification
 j - 2 potions of cancellation
 l - 6 potions of flight
 n - 3 potions of invisibility
 r - 3 potions of haste
 v - a potion of brilliance {unknown}
 B - a potion of degeneration {unknown}
 O - 3 potions of resistance
 Q - a potion of magic
 V - a potion of ambrosia


   Skills:
 + Level 12.4 Fighting
 + Level 16.0 Long Blades
 + Level 11.7 Armour
 + Level 9.9 Dodging
 + Level 10.5 Shields
 * Level 8.4 Invocations


You had 12 spell levels left.
You didn't know any spells.
Your spell library contained the following spells:

 Spells                   Type           Power      Damage    Failure   Level
 Summon Guardian Golem    Hex/Summ       0%         N/A       82%         3
 Airstrike                Air            0%         N/A       99%         4
 Summon Lightning Spire   Summ/Air       0%         N/A       99%         4
 Lightning Bolt           Conj/Air       0%         1d11      100%        5
 Orb of Destruction       Conj           0%         N/A       100%        7
 Spellforged Servitor     Conj/Summ      0%         N/A       100%        7
 Borgnjor's Revivificati  Necr           0%         N/A       100%        8
 Necromutation            Tmut/Necr      0%         N/A       100%        8
 Death's Door             Necr           0%         N/A       100%        9


Dungeon Overview and Level Annotations

Branches:
Dungeon (15/15)            Temple (1/1) D:7            Lair (0/6) D:9
    Orc (0/2) D:9          Vaults (0/5) D:14          Sewer (visited)
 Depths: D:15

Altars:
Ashenzari
Cheibriados
Dithmenos
Elyvilon
Fedhas
Gozag
Hepliaklqana
Kikubaaqudgha
Makhleb
Nemelex Xobeh
Okawaru
Qazlal
Ru
Sif Muna
Trog
Uskayaw
Vehumet
Wu Jian
Xom
Yredelemnul
Zin
The Shining One

Shops:
D:12 [

Portals:
Trove: D:12 (give horn of Geryon)

Annotations:
D:15 Jorgrun


Innate Abilities, Weirdness & Mutations

You have a pair of horns on your head.
You reflexively headbutt those who attack you in melee.


Message History

Jorgrun is moderately wounded.
The slime creature hits you but does no damage.
Jorgrun closely misses you. The grasping roots constrict you!
You block the slime creature's attack.
You slash Jorgrun! You headbutt Jorgrun!
Jorgrun is heavily wounded.
The slime creature barely misses you. You furiously retaliate!
You headbutt the slime creature. The slime creature hits you!
You block Jorgrun's attack. The grasping roots constrict you.
You barely miss Jorgrun.
Jorgrun is heavily wounded.
The slime creature hits you but does no damage.
The slime creature closely misses you. You furiously retaliate!
You headbutt the slime creature, but do no damage.
The slime creature completely misses you.
You furiously retaliate!
You headbutt the slime creature! You slice the slime creature!!
You kill the slime creature!
Makhleb accepts your kill.
You feel better. Jorgrun gestures at you while chanting.
You block the iron shot. The grasping roots constrict you.
The slime creature hits you!
* * * LOW HITPOINT WARNING * * *
The slime creature hits you!
* * * LOW HITPOINT WARNING * * *
You slice the slime creature!!
You headbutt the slime creature, but do no damage.
The slime creature is severely wounded.
Jorgrun hits you with a +0 vorpal quarterstaff.
* * * LOW HITPOINT WARNING * * *
x2 The grasping roots constrict you.
The slime creature misses you.
You barely miss the slime creature. You headbutt the slime creature.
The slime creature is severely wounded.
The slime creature hits you!
* * * LOW HITPOINT WARNING * * *
You barely miss the slime creature.
The slime creature is severely wounded.
You block Jorgrun's attack. The grasping roots constrict you!
You die...

#..#.. ..... #.#.. #...#.
##.#.##......
###############..#.#.....
.......................#
...#...#...#.....#....#..#
.#...#...#...#...#......#
...#...#...#...J...#.####
.....#..........@)........
##...#...###.##Jg#.###.###
##....### #####..... ...
###..# ######..##. #### ##
#


You could see Jorgrun and 2 slime creatures.

Vanquished Creatures
  Kirke (D:12)
  Josephine (D:11)
  2 boulder beetles (D:14)
  A hydra (D:14)
  3 two-headed ogres (D:9)
  7 centaur warriors
  6 skeletal warriors (D:14)
  A necromancer (D:14)
  An orc knight (D:14)
  A wolf spider (D:14)
  9 ugly things (D:14)
  2 deep elf pyromancers
  3 cyclopes
  A salamander (shapeshifter) (D:14)
  5 manticores
  Joseph (D:8)
  A gargoyle (D:12)
  An unseen horror (D:13)
  4 centaur skeletons (D:14)
  An unseen horror (shapeshifter) (D:14)
  4 yaktaurs (D:14)
  2 efreet (D:14)
  Psyche (D:11)
  A freezing wraith (D:14)
  A tengu conjurer (D:14)
  5 trolls
  A hornet (D:10)
  Grinder (D:4)
  14 slime creatures
  2 centaur simulacra (D:14)
  4 yaks (D:10)
  A tarantella (shapeshifter) (D:13)
  3 vampires
  A shadow (D:11)
  5 wraiths
  A wyvern (D:10)
  Grum (D:11)
  2 hogs (D:12)
  A steam dragon (D:9)
  3 acid dragons
  6 vampire mosquitoes
  Duvessa (D:4)
  A water moccasin (D:6)
  5 orc warriors
  2 ice beasts (D:7)
  A black bear (D:9)
  2 sky beasts (D:7)
  An ogre (D:4)
  3 wolves (D:11)
  13 centaurs
  4 bullfrogs
  3 gnoll sergeants (D:10)
  2 scorpions
  Dowan (D:4)
  5 killer bees (D:9)
  12 wights
  2 electric eels
  2 howler monkeys (D:12)
  A centaur zombie (D:8)
  3 bullfrog skeletons
  A gnoll shaman (D:7)
  8 orc priests
  Crazy Yiuf (D:3)
  2 bullfrog zombies
  Ijyb (D:3)
  19 orc wizards
  2 iguanas
  2 killer bee zombies
  A howler monkey skeleton (D:6)
  Robin (D:3)
  12 adders
  18 gnolls
  A shadow imp (D:8)
  An ufetubus (D:5)
  An adder skeleton (D:4)
  3 worms
  3 dart slugs
  32 orcs
  17 ball pythons
  3 bats
  6 endoplasms
  10 giant cockroaches
  13 goblins
  10 hobgoblins
  A jackal (D:2)
  3 quokkas
  12 frilled lizards
  8 kobolds
  11 rats
379 creatures vanquished.

Vanquished Creatures (others)
  A meliai simulacrum (D:14)
  A howler monkey (D:12)
  9 fungi
  6 plants
  4 toadstools (D:1)
21 creatures vanquished.

Grand Total: 400 creatures vanquished

Notes
Turn   | Place    | Note
-------+----------+-------------------------------------------
     0 | D:1      | a11behringer the Minotaur Fighter began the quest for the
                  | Orb.
     0 | D:1      | Reached XP level 1. HP: 19/19 MP: 0/0
   294 | D:1      | Reached XP level 2. HP: 22/27 MP: 1/1
   835 | D:2      | Reached skill level 3 in Long Blades
   968 | D:2      | Reached XP level 3. HP: 33/33 MP: 2/2
  1176 | D:2      | Found a faded altar of an unknown god.
  1179 | D:2      | Became a worshipper of Ru the Awakened
  1187 | D:2      | Fell from the grace of Ru
  1608 | D:2      | Found a white marble altar of Elyvilon.
  1772 | D:3      | Identified a scroll of acquirement
  1772 | D:3      | Acquired the +10 scimitar of the Postmodern Souls {vorpal,
                  | Will++}
  1996 | D:3      | Reached XP level 4. HP: 39/40 MP: 3/3
  2016 | D:3      | Found a glowing drain.
  2031 | Sewer    | Entered a sewer
  2043 | Sewer    | Reached skill level 4 in Long Blades
  2213 | Sewer    | Noticed a bullfrog
  2221 | Sewer    | Killed a bullfrog
  2222 | Sewer    | Reached skill level 5 in Long Blades
  2222 | Sewer    | Reached XP level 5. HP: 41/47 MP: 4/4
  2785 | D:3      | Noticed Robin
  2794 | D:3      | Reached skill level 5 in Armour
  2797 | D:3      | Reached XP level 6. HP: 51/53 MP: 5/5
  2800 | D:3      | Killed Robin
  2809 | D:3      | Reached skill level 6 in Long Blades
  2959 | D:3      | Noticed Ijyb
  2964 | D:3      | Killed Ijyb
  3210 | D:3      | Found a runed translucent door.
  3211 | D:3      | Noticed Crazy Yiuf
  3218 | D:3      | Killed Crazy Yiuf
  3318 | D:4      | Noticed Duvessa
  3318 | D:4      | Noticed Dowan
  3328 | D:4      | Killed Duvessa
  3329 | D:4      | Reached skill level 7 in Long Blades
  3329 | D:4      | Reached skill level 1 in Dodging
  3334 | D:4      | Killed Dowan
  3335 | D:4      | Reached XP level 7. HP: 43/60 MP: 6/6
  3497 | D:4      | Found a hazy altar of Hepliaklqana.
  3501 | D:4      | Noticed Grinder
  3515 | D:4      | Killed Grinder
  3516 | D:4      | Reached skill level 5 in Fighting
  3516 | D:4      | Reached skill level 8 in Long Blades
  3599 | D:4      | Reached skill level 9 in Long Blades
  3652 | D:4      | Found an ancient bone altar of Kikubaaqudgha.
  3800 | D:4      | Found a snail-covered altar of Cheibriados.
  3924 | D:5      | Entered Level 5 of the Dungeon
  4004 | D:5      | Identified the +3 rapier of Kecaeli {freeze, *Noise Will++}
  4447 | D:5      | Reached XP level 8. HP: 57/68 MP: 7/7
  4544 | D:5      | You fall into a shaft and drop 2 floors!
  4619 | D:7      | Reached skill level 10 in Long Blades
  4812 | D:7      | Found a staircase to the Ecumenical Temple.
  4819 | Temple   | Entered the Ecumenical Temple
  5128 | Temple   | Became a worshipper of Makhleb the Destroyer
  5519 | D:6      | Found an iron altar of Okawaru.
  5557 | D:6      | Reached skill level 11 in Long Blades
  5608 | D:6      | Found a glowing golden altar of the Shining One.
  5974 | D:7      | Reached XP level 9. HP: 45/75 MP: 8/8
  6573 | D:7      | Found a shimmering blue altar of Sif Muna.
  6748 | D:8      | Noticed Joseph
  6753 | D:8      | Reached skill level 12 in Long Blades
  6757 | D:8      | HP: 1/75 [Joseph (16)]
  6758 | D:8      | Killed Joseph
  7690 | D:8      | Reached * piety under Makhleb
  7694 | D:8      | Reached skill level 13 in Long Blades
  8293 | D:9      | Reached XP level 10. HP: 84/84 MP: 9/9
  8329 | D:9      | Found a staircase to the Lair.
  8357 | D:9      | Found a staircase to the Orcish Mines.
  8395 | D:9      | Noticed a two-headed ogre
  8404 | D:9      | Killed a two-headed ogre
  8405 | D:9      | Reached skill level 14 in Long Blades
  8828 | D:9      | Found an ornate altar of the Wu Jian Council.
  8876 | D:9      | Found an opulent altar of Gozag.
  8879 | D:9      | Noticed a two-headed ogre
  8881 | D:9      | Noticed a two-headed ogre
  8891 | D:9      | Killed a two-headed ogre
  8892 | D:9      | Reached skill level 5 in Shields
  8900 | D:9      | Killed a two-headed ogre
  9503 | D:10     | Entered Level 10 of the Dungeon
  9558 | D:10     | Reached skill level 1 in Invocations
  9723 | D:10     | Reached ** piety under Makhleb
 10013 | D:10     | Reached skill level 5 in Dodging
 10355 | D:10     | Reached XP level 11. HP: 94/95 MP: 12/12
 10407 | D:10     | Acquired the ring "Bigur" {rElec rPois Str+6 Dex+2}
 10496 | D:10     | Found a basalt altar of Yredelemnul.
 10841 | D:11     | Reached skill level 10 in Armour
 10844 | D:11     | Noticed Josephine
 10859 | D:11     | Killed Josephine
 11099 | D:11     | Noticed Grum
 11112 | D:11     | Killed Grum
 11281 | D:11     | Noticed Psyche
 11287 | D:11     | Killed Psyche
 11625 | D:11     | Found a glowing silver altar of Zin.
 11838 | D:12     | Found a portal to a secret trove of treasure.
 11854 | D:12     | Noticed Kirke
 11863 | D:12     | Noticed a lindwurm
 11865 | D:12     | Killed Kirke
 11978 | D:12     | Reached *** piety under Makhleb
 12148 | D:12     | Identified the +9 mace of the Ecumenical Temple {freeze,
                  | rElec Dex+2}
 12194 | D:12     | Found Natowaej's Armour Shop.
 12485 | D:12     | Identified the ring "Ryhise" {rN+ Int+6 Dex+4}
 12758 | D:13     | Reached skill level 5 in Invocations
 13206 | D:13     | Noticed a centaur warrior
 13217 | D:13     | Killed a centaur warrior
 13241 | D:13     | Reached XP level 12. HP: 56/105 MP: 15/15
 14222 | D:14     | Noticed a centaur warrior
 14230 | D:14     | Killed a centaur warrior
 14246 | D:14     | Reached skill level 10 in Fighting
 14264 | D:14     | Noticed a six-headed hydra
 14265 | D:14     | Noticed a boulder beetle
 14278 | D:14     | Killed a seven-headed hydra
 14299 | D:14     | Killed a boulder beetle
 14354 | D:14     | Noticed a boulder beetle
 14385 | D:14     | Killed a boulder beetle
 14656 | D:14     | Noticed a centaur warrior
 14660 | D:14     | Killed a centaur warrior
 14671 | D:14     | Identified the +4 hand axe of Peril {spect, rPois Str+4
                  | Int+7 Dex-3}
 14671 | D:14     | Noticed a centaur warrior
 14676 | D:14     | Killed a centaur warrior
 14677 | D:14     | Reached skill level 15 in Long Blades
 14678 | D:14     | Noticed a centaur warrior
 14686 | D:14     | Killed a centaur warrior
 14712 | D:14     | Identified the +1 ring mail of Grace {Contam Rampage +Inv
                  | rCorr}
 14860 | D:14     | Noticed a centaur warrior
 14865 | D:14     | Killed a centaur warrior
 14919 | D:14     | Reached XP level 13. HP: 60/116 MP: 17/17
 14926 | D:14     | Reached **** piety under Makhleb
 14947 | D:14     | HP: 6/174 [skeletal warrior[a skeletal warrior] (7)]
 15421 | D:14     | Reached skill level 10 in Shields
 16019 | D:14     | Found a gate to the Vaults.
 16648 | D:15     | Entered Level 15 of the Dungeon
 16825 | D:15     | Noticed Jorgrun
 16842 | D:15     | Reached skill level 16 in Long Blades
 16856 | D:15     | Constricted to death by Jorgrun

Illustrated notes

Levels and vault maps discovered:
D:1:      ldierk_walled_garden_2, layout_basic
D:2:      layout_loops_ring, basic_altar,
          hellmonk_ecumenical_altar_inner_sanctum, kennysheep_generic_room_9
D:3:      layout_loops_ring, portal_sewer_entry_e, minmay_snake_closets,
          uniq_ijyb, uniq_crazy_yiuf_cottage, uniq_robin
D:4:      layout_rooms, cheibrodos_worm_habitat, general_overflow_altar,
          old_standard_altar, uniq_grinder, uniq_duvessa
D:5:      layout_loops_corners
D:6:      layout_rooms, okawaru_trees_2, tso_oasis_becter
D:7:      layout_gridville, mainiacjoe_overflow_boulevard,
          minmay_temple_entry_glassed_door
D:8:      layout_basic, minmay_crystal_room, uniq_joseph
D:9:      layout_gridville, nicolae_wu_jian_immortal_techniques,
          nicolae_overflow_crystal_walls, grunt_lair_entry_orc_guard_hut
D:10:     layout_roguey, lemuel_round_altar, hive_lemuel
D:11:     layout_loops_ring, zin_scriptorium, uniq_josephine, uniq_grum,
          uniq_psyche
D:12:     layout_roguey, nicolae_trove_entry_isolated, serial_shops,
          nicolae_shop_behind_doors, minivault_25, uniq_kirke
D:13:     layout_stronghold
D:14:     minmay_the_grid_triangle_9x9_line_8_mashed
          [minmay_the_grid_triangle_9x9_alien,
          minmay_the_grid_triangle_9x9_warning,
          minmay_the_grid_triangle_9x9_zippers_vertical,
          minmay_the_grid_triangle_9x9_wacky_v,
          minmay_the_grid_triangle_9x9_intruding_spiral,
          minmay_the_grid_triangle_9x9_empty,
          minmay_the_grid_triangle_9x9_minimal,
          minmay_the_grid_triangle_9x9_prize_center], layout_layer_cave,
          hangedman_vaults_entry_quadrant_bands
D:15:     hangedman_slaughterboxes, uniq_jorgrun
Temple:   nicolae_temple_figure_eight

Skill      XL: |  1  2  3  4  5  6  7  8  9 10 11 12 13 |
---------------+----------------------------------------+-----
Fighting       | 4 5 6 8 9 11 12 | 12.4
Long Blades    | 3 5 7 9 11 13 14 15 16 | 16.0
Armour         | 4 5 6 8 9 10 11 | 11.7
Shields        | 4 6 8 9 10 | 10.5
Dodging        | 1 2 5 7 9 |  9.9
Invocations    | 3 5 7 8 |  8.4

Action                   |  1- 3 |  4- 6 |  7- 9 | 10-12 | 13-15 || total
-------------------------+-------+-------+-------+-------+-------++-------
Melee: Long sword        |    82 |       |       |       |       ||    82
       Headbutt          |    13 |    12 |    27 |    99 |    65 ||   216
       Scimitar          |    11 |   115 |   189 |   376 |   161 ||   852
Invok: Renounce Religion |     1 |       |       |       |       ||     1
       Lesser Servant of |       |       |       |     3 |       ||     3
       Minor Destruction |       |       |       |     2 |       ||     2
  Use: Scroll            |     7 |     3 |     5 |    10 |     1 ||    26
       Potion            |       |       |     1 |     7 |     3 ||    11
 Stab: Invisible         |       |     1 |       |       |       ||     1
       Distracted        |       |       |       |     1 |       ||     1
Armor: Scale mail        |    46 |    52 |    45 |       |       ||   143
       Quicksilver drago |       |       |    31 |   145 |    65 ||   241
Dodge: Dodged            |    47 |    60 |   101 |   205 |   104 ||   517
Block: Buckler           |    17 |    25 |    22 |   107 |    44 ||   215

Table legend: (Time is in decaauts)
 A = Elapsed time spent in this place.
 B = Non-inter-level travel time spent in this place.
 C = Inter-level travel time spent in this place.
 D = Time resting spent in this place.
 E = Time spent auto-exploring this place.
 F = Levels seen in this place.
 G = Mean time per level.
                   A        B        C        D        E       F      G
               +--------+--------+--------+--------+--------+-----+--------+
         Total |  16860 |  14198 |   2662 |      0 |  11636 |  17 |  991.8 |
       Dungeon |  16012 |  13570 |   2442 |      0 |  11531 |  15 | 1067.5 |
        Temple |    329 |    109 |    220 |      0 |    105 |   1 |  329.0 |
         Sewer |    518 |    518 |      0 |      0 |      0 |   1 |  518.0 |
               +--------+--------+--------+--------+--------+-----+--------+

Top non-repeatable levels by time:
    D:14: 2419 daAuts
     D:8: 1719 daAuts
    D:13: 1609 daAuts
    D:10: 1216 daAuts
     D:3: 1154 daAuts
     D:9: 1116 daAuts
    D:11: 1081 daAuts
     D:7: 992 daAuts
     D:2: 966 daAuts
     D:5: 906 daAuts
     D:1: 811 daAuts
    D:12: 737 daAuts
     D:4: 612 daAuts
   Sewer: 518 daAuts
     D:6: 473 daAuts
